 Dungeon Crawl Stone Soup version 0.31-a0-1206-g41278d8d1d (webtiles) character file.

Game seed: 17213962217634558913

4903 GortTheUntimely the Cleaver (level 10, 0/90 HPs)
             Began as a Hill Orc Fighter on Dec 13, 2023.
             Was a High Priest of Makhleb.
             Slain by a two-headed ogre
             ... wielding a +0 giant club
              (13 damage)
             ... on level 8 of the Dungeon.
             The game lasted 01:07:48 (8732 turns).

GortTheUntimely the Cleaver (Hill Orc Fighter)      Turns: 8732, Time: 01:07:48

Health: 0/90       AC: 15    Str: 23    XL:     10   Next: 51%
Magic:  10/10      EV: 11    Int:  8    God:    Makhleb [*****.]
Gold:   428        SH:  6    Dex: 20    Spells: 9/9 levels left

rFire   . . .        C - +8 hand axe "Isso" {venom, Str+3}
rCold   . . .        c - +0 buckler
rNeg    . . .        b - +0 scale mail
rPois   +            F - +1 helmet {SInv}
rElec   .            h - +2 cloak of Noon {^Contam Rampage rPois rF+}
rCorr   .            (no gloves)
SInv    +            q - +0 pair of boots
Will    .....        j - amulet of Jouteom {RegenMP rPois rF- Slay+5 Stlth+}
Stlth   +++          v - +6 ring of dexterity
HPRegen 0.35/turn    (no ring)
MPRegen 0.52/turn

%: rampage
@: about to teleport
A: no striking features
a: Renounce Religion, Minor Destruction, Lesser Servant of Makhleb, Major
Destruction, Greater Servant of Makhleb


You were on level 8 of the Dungeon.
You worshipped Makhleb.
Makhleb was extremely pleased with you.
You visited 2 branches of the dungeon, and saw 9 of its levels.

You collected 593 gold pieces.
You spent 165 gold pieces at shops.

Inventory:

Hand Weapons
 a - a +0 war axe of freezing
 C - the +8 hand axe "Isso" (weapon) {venom, Str+3}
   (You found it on level 5 of the Dungeon)

   Str+3:     It affects your strength (+3).
Missiles
 z - 33 poisoned darts (quivered)
 G - 2 throwing nets
 O - 13 stones
Armour
 b - a +0 scale mail (worn)
 c - a +0 buckler (worn)
 h - the +2 cloak of Noon (worn) {^Contam Rampage rPois rF+}
   (You acquired it on level 1 of the Dungeon)

   rF+:       It protects you from fire.
   rPois:     It protects you from poison ^Contam: It causes magical
   contamination when unequipped.
   Rampage:   It bestows one free step when moving towards enemies.
 q - a +0 pair of boots (worn)
 F - a +1 helmet of see invisible (worn)
Magical Staves
 i - a staff of cold
Jewellery
 j - the amulet of Jouteom (around neck) {RegenMP rPois rF- Slay+5 Stlth+}
   (You acquired it on level 1 of the Dungeon)

   [amulet of magic regeneration]

   RegenMP:   It increases your rate of magic regeneration.
   Slay+5:    It affects your accuracy & damage with ranged weapons and melee
   (+5).
   rF-:       It makes you vulnerable to fire.
   rPois:     It protects you from poison Stlth+: It makes you more stealthy.
 v - a +6 ring of dexterity (left hand)
Talismans
 K - a dragon-blood talisman
Wands
 s - a wand of digging (3)
 t - a wand of polymorph (12)
 u - a wand of flame (15)
 L - a wand of iceblast (6)
Scrolls
 l - a scroll of vulnerability {unknown}
 n - 2 scrolls of teleportation
 o - a scroll of brand weapon
 r - a scroll of silence {unknown}
 w - 3 scrolls of amnesia
 y - 2 scrolls of blinking
 A - 2 scrolls of summoning {unknown}
 B - 4 scrolls of fear {unknown}
 D - a scroll of poison {unknown}
 H - a scroll of immolation {unknown}
 J - 2 scrolls of enchant armour {unknown}
 N - a scroll of noise {unknown}
Potions
 d - a potion of might
 e - 3 potions of curing
 f - a potion of haste
 g - a potion of degeneration
 k - 5 potions of brilliance
 m - 3 potions of enlightenment
 p - 2 potions of magic {unknown}
 x - 3 potions of heal wounds {unknown}
 E - 2 potions of cancellation {unknown}
 I - 2 potions of invisibility {unknown}
 M - a potion of ambrosia {unknown}
 P - a potion of lignification {unknown}


   Skills:
 + Level 8.4 Fighting
 + Level 12.6 Axes
 + Level 7.8 Armour
 + Level 2.8 Dodging
 + Level 4.4 Stealth
 + Level 5.6 Shields


You had 9 spell levels left.
You didn't know any spells.
Your spell library contained the following spells:

 Spells                   Type           Power      Damage    Failure   Level
 Sublimation of Blood     Necr           0%         N/A       87%         2
 Wereblood                Tmut           0%         N/A       87%         2
 Irradiate                Conj/Tmut      0%         3d11      100%        5
 Summon Hydra             Summ           0%         N/A       100%        7


Dungeon Overview and Level Annotations

Branches:
Dungeon (8/15)             Temple (1/1) D:7
   Lair: D:8-11

Altars:
Ashenzari
Dithmenos
Elyvilon
Gozag
Hepliaklqana
Makhleb
Nemelex Xobeh
Okawaru
Qazlal
Ru
Sif Muna
Trog
Uskayaw
Yredelemnul
Zin
The Shining One

Shops:
D:5 [


Message History

The two-headed ogre hits you with a +0 dire flail!
You slash the two-headed ogre!
The two-headed ogre looks as sick as possible!
The two-headed ogre is moderately wounded.
A kobold comes into view. It is wielding a +0 dagger.
You slash the two-headed ogre!
The two-headed ogre is heavily wounded.
You slash the two-headed ogre!
The two-headed ogre looks as sick as possible!
The two-headed ogre is severely wounded.
The two-headed ogre hits you with a +0 giant club!!
You block the two-headed ogre's attack.
You slash the two-headed ogre!
The two-headed ogre looks as sick as possible!
The two-headed ogre is almost dead.
You kill the two-headed ogre!
Makhleb accepts your kill.
You feel better.
You rampage towards the two-headed ogre!
The two-headed ogre hits you with a +0 giant club!!
The two-headed ogre hits you with a +0 giant spiked club!
You slash the two-headed ogre!
The two-headed ogre is poisoned.
The two-headed ogre is lightly wounded.
A kobold comes into view. It is wielding a +0 short sword.
The kobold shouts!
You slash the two-headed ogre!
The two-headed ogre is moderately wounded.
The two-headed ogre hits you with a +0 giant club!!
* * * LOW HITPOINT WARNING * * *
The two-headed ogre barely misses you.
Aiming: Polymorph
Press: ? - help, Shift-Dir - straight line, f - two-headed ogre
Aim: a two-headed ogre, wielding a +0 giant club and a +0 giant spiked club (moderately wounded, very poisoned, will become a moth of wrath, a black mamba, or a snapping turtle, chance to affect: 31%)
The two-headed ogre easily resists.
As you read the scroll of teleportation, it crumbles to dust.
You feel strangely unstable. You block the two-headed ogre's attack.
The two-headed ogre hits you but does no damage.
The two-headed ogre attacks as it pursues you!
The two-headed ogre hits you with a +0 giant club!
You die...

....##..## .
....###..# O.
....####.## K..
.....# #..## ...K
.....# ##..# ....K
.....# ##.##
###K..... .....#
#..## #####KKKK....
.....#
##..###.O.K########
..[.## ##....@####
....# ##.#####
#..## #....### ####
##......###
##.........##
##...........#
##............##
#..............#
#..............##


You could see a two-headed ogre (poisoned), a kobold brigand and 5 kobolds.

Vanquished Creatures
  A two-headed ogre (D:8)
  A wyvern (D:7)
  2 steam dragons
  4 water moccasins
  2 black bears
  3 orc warriors
  A sky beast (D:7)
  4 ogres (D:5)
  A centaur (D:8)
  Blork the orc (D:4)
  3 kobold brigands
  A gnoll sergeant (D:6)
  2 bullfrogs (D:7)
  A wyvern zombie (D:6)
  4 scorpions
  8 wights
  4 killer bees (D:7)
  A centaur zombie (D:6)
  A jelly (D:7)
  6 orc priests
  Crazy Yiuf (D:2)
  3 hounds
  Ijyb (D:3)
  A sleepcap (D:7)
  5 iguanas
  10 orc wizards
  Natasha (D:2)
  13 gnolls
  7 adders
  A shadow imp (D:5)
  A white imp (D:8)
  2 ufetubi (D:6)
  3 worms
  4 dart slugs
  24 orcs
  8 endoplasms
  5 giant cockroaches
  23 goblins
  11 hobgoblins
  2 jackals (D:5)
  25 kobolds
  2 quokkas (D:3)
  3 ball pythons
  4 bats
  A frilled lizard (D:1)
  5 rats
217 creatures vanquished.

Notes
Turn   | Place    | Note
-------+----------+-------------------------------------------
     0 | D:1      | GortTheUntimely the Hill Orc Fighter began the quest for
                  | the Orb.
     0 | D:1      | Reached XP level 1. HP: 19/19 MP: 1/1
   102 | D:1      | Found a faded altar of an unknown god.
   284 | D:1      | Identified 3 scrolls of acquirement
   284 | D:1      | Acquired a staff of cold
   285 | D:1      | Acquired the +2 cloak of Noon {^Contam Rampage rPois rF+}
   286 | D:1      | Acquired the amulet of Jouteom {RegenMP rPois rF- Slay+5
                  | Stlth+}
  1018 | D:1      | Prayed at the altar of an unknown god.
  1018 | D:1      | Became a worshipper of Makhleb the Destroyer
  1018 | D:1      | Reached * piety under Makhleb
  1040 | D:1      | Reached XP level 2. HP: 27/27 MP: 2/2
  1238 | D:1      | Reached XP level 3. HP: 34/34 MP: 3/3
  1799 | D:2      | Reached skill level 3 in Axes
  2017 | D:2      | Noticed Natasha
  2021 | D:2      | Reached XP level 4. HP: 39/41 MP: 4/4
  2021 | D:2      | Killed Natasha
  2347 | D:2      | Reached skill level 4 in Axes
  2389 | D:2      | Found a runed translucent door.
  2392 | D:2      | Noticed Crazy Yiuf
  2396 | D:2      | Killed Crazy Yiuf
  2397 | D:2      | Reached XP level 5. HP: 47/47 MP: 5/5
  2482 | D:3      | Found a shadowy altar of Dithmenos.
  2487 | D:3      | Reached skill level 5 in Axes
  2500 | D:3      | Reached skill level 1 in Stealth
  2547 | D:3      | Reached ** piety under Makhleb
  2844 | D:3      | Noticed Ijyb
  2855 | D:3      | Reached XP level 6. HP: 52/55 MP: 6/6
  2860 | D:3      | Killed Ijyb
  3143 | D:3      | Reached skill level 6 in Axes
  3479 | D:4      | Noticed Blork the orc
  3489 | D:4      | Killed Blork the orc
  3490 | D:4      | Reached skill level 5 in Fighting
  3713 | D:4      | Reached skill level 7 in Axes
  3713 | D:4      | Reached XP level 7. HP: 61/61 MP: 7/7
  4015 | D:4      | Reached *** piety under Makhleb
  4418 | D:5      | Entered Level 5 of the Dungeon
  4622 | D:5      | Identified the +8 hand axe "Isso" {venom, Str+3}
  5019 | D:5      | Reached skill level 8 in Axes
  5035 | D:5      | Found Joal's Armour Emporium.
  5055 | D:5      | Bought a +1 helmet of see invisible for 165 gold pieces
  5246 | D:5      | Reached skill level 5 in Armour
  5250 | D:5      | Reached skill level 1 in Dodging
  5250 | D:5      | Reached XP level 8. HP: 70/70 MP: 8/8
  5524 | D:5      | Reached skill level 9 in Axes
  5569 | D:5      | Found a hazy altar of Hepliaklqana.
  5805 | D:6      | Reached **** piety under Makhleb
  5859 | D:6      | Found a sacrificial altar of Ru.
  6266 | D:6      | Reached XP level 9. HP: 77/77 MP: 9/9
  6273 | D:6      | Reached skill level 10 in Axes
  6592 | D:6      | Found a basalt altar of Yredelemnul.
  6797 | D:7      | Reached skill level 5 in Shields
  6821 | D:7      | Found an opulent altar of Gozag.
  6870 | D:7      | Reached skill level 11 in Axes
  7173 | D:7      | Found a staircase to the Ecumenical Temple.
  7183 | Temple   | Entered the Ecumenical Temple
  7670 | D:7      | Reached XP level 10. HP: 86/86 MP: 10/10
  8341 | D:8      | Reached skill level 12 in Axes
  8568 | D:8      | Reached ***** piety under Makhleb
  8711 | D:8      | Noticed a two-headed ogre
  8711 | D:8      | Noticed a two-headed ogre
  8723 | D:8      | Killed a two-headed ogre
  8732 | D:8      | Slain by a two-headed ogre

Illustrated notes

Levels and vault maps discovered:
D:1:      nzn_arrival_settlement, layout_basic,
          chequers_ecumenical_altar_simple_redux
D:2:      layout_loops_corners, uniq_natasha, uniq_crazy_yiuf_cottage
D:3:      kennysheep_the_goblin_king, layout_basic,
          mainiacjoe_overflow_cross_hatched, grunt_ministairs_15
D:4:      layout_loops_corners, uniq_blork_the_orc
D:5:      corexii_shantytown, layout_loops_corners,
          worldfamousw_hep_ancestral_shrine, serial_shops, shop
D:6:      layout_basic, lemuel_zombie_altar_yredelemnul,
          mainiacjoe_overflow_boulevard, nicolae_underground_beach
D:7:      layout_loops_corners, nicolae_gozag_seed_capital,
          minmay_temple_entry_proselytizer, kennysheep_generic_room_9
D:8:      layout_cave_pods, kiku_gazebo_garden_becter
Temple:   jpeg_temple_clearing

Skill      XL: |  1  2  3  4  5  6  7  8  9 10 |
---------------+-------------------------------+-----
Fighting       | 4 5 6 7 8 |  8.4
Axes           | 3 4 5 7 8 9 11 12 | 12.6
Stealth        | 1 2 3 4 |  4.4
Armour         | 4 5 7 |  7.8
Shields        | 4 5 |  5.6
Dodging        | 1 2 |  2.8

Action                     |  1- 3 |  4- 6 |  7- 9 | 10-12 || total
---------------------------+-------+-------+-------+-------++-------
  Melee: War axe           |    44 |   109 |    42 |       ||   195
         Hand axe          |       |       |   182 |    76 ||   258
  Evoke: Wand              |       |       |       |     1 ||     1
    Use: Scroll            |     6 |     4 |     2 |     1 ||    13
   Stab: Sleeping          |       |     4 |     8 |     1 ||    13
         Distracted        |       |     1 |     2 |       ||     3
 Armour: Scale mail        |    25 |    51 |    94 |    24 ||   194
  Dodge: Dodged            |     7 |    33 |    66 |    27 ||   133
  Block: Buckler           |    11 |    17 |    51 |    17 ||    96

Table legend: (Time is in decaauts)
 A = Elapsed time spent in this place.
 B = Non-inter-level travel time spent in this place.
 C = Inter-level travel time spent in this place.
 D = Time resting spent in this place.
 E = Time spent auto-exploring this place.
 F = Levels seen in this place.
 G = Mean time per level.
                   A        B        C        D        E       F      G
               +--------+--------+--------+--------+--------+-----+--------+
         Total |   8736 |   8736 |      0 |      0 |      0 |   9 |  970.7 |
       Dungeon |   8609 |   8609 |      0 |      0 |      0 |   8 | 1076.1 |
        Temple |    126 |    126 |      0 |      0 |      0 |   1 |  126.0 |
               +--------+--------+--------+--------+--------+-----+--------+

Top non-repeatable levels by time:
     D:1: 1409 daAuts
     D:5: 1365 daAuts
     D:2: 1092 daAuts
     D:7: 1063 daAuts
     D:6: 998 daAuts
     D:4: 992 daAuts
     D:3: 969 daAuts
     D:8: 718 daAuts
  Temple: 126 daAuts
